 Dungeon Crawl Stone Soup version 0.21.1-1-g345015fe64 (webtiles) character file.

3322 KleinerIrrer the Grappler (level 10, 0/58 HPs)
             Began as an Octopode Transmuter on Mar 25, 2018.
             Was a Follower of Wu Jian.
             Slain by a killer bee (4 damage)
             ... on level 8 of the Dungeon.
             The game lasted 00:37:11 (12635 turns).

KleinerIrrer the Grappler (Octopode Transmuter)    Turns: 12635, Time: 00:37:11

Health: 0/58       AC:  1    Str: 18    XL:     10   Next: 2%
Magic:  2/13       EV: 18    Int: 16    God:    Wu Jian [*.....]
Gold:   178        SH:  0    Dex: 12    Spells: 3/13 levels left

rFire    . . .     SeeInvis .     - Unarmed
rCold    . . .     Gourm    .   (no shield)
rNeg     . . .     Faith    .   (helmet restricted)
rPois    +         Spirit   .   (no amulet)
rElec    .         Reflect  .   t - +2 ring of evasion
rCorr    .         Harm     .   p - ring of poison resistance
MR       .....                  (no ring)
Stlth    ++........             (no ring)
HPRegen  0.19/turn              (no ring)
MPRegen  0.13/turn              (no ring)
                                (no ring)
                                (no ring)

@: mighty, lethally poisoned (0 -> -1)
A: almost no armour, stealthy swim, amphibious, 8 rings, constrict 8, camouflage
1, gelatinous body 1
a: Renounce Religion


You were on level 8 of the Dungeon.
You worshipped Wu Jian.
Wu Jian was aware of your devotion.
You were not hungry.

You visited 2 branches of the dungeon, and saw 10 of its levels.

You collected 507 gold pieces.
You spent 329 gold pieces at shops.

Inventory:

Hand Weapons
 u - the +2 spear of Fuowkoix {protect, Dex+2}
   (You took it off a gnoll on level 4 of the Dungeon)

   It protects the one who uses it against injury (+AC on strike).
   It affects your dexterity (+2).
Missiles
 a - 108 arrows
Jewellery
 p - a ring of poison resistance (right tentacle)
 t - a +2 ring of evasion (left tentacle)
Wands
 k - a wand of random effects (15)
 m - a wand of iceblast (6)
Scrolls
 d - 3 scrolls of amnesia
 h - 4 scrolls of magic mapping
 j - a scroll of brand weapon
 l - a scroll of random uselessness
 q - 2 scrolls of enchant armour
 r - 2 scrolls of remove curse
Potions
 g - 4 potions of flight
 i - 2 potions of invisibility
 n - 3 potions of brilliance
 w - 3 potions of mutation {unknown}
 z - a potion of magic {unknown}
Books
 b - a book of Changes

   Spells                             Type                      Level
   a - Beastly Appendage              Transmutation                1
   b - Sticks to Snakes               Transmutation                2
   c - Spider Form                    Transmutation/Poison         3
   d - Ice Form                       Ice/Transmutation            4
   e - Blade Hands                    Transmutation                5
 e - a book of Frost

   Spells                             Type                      Level
   a - Freeze                         Ice                          1
   b - Throw Frost                    Conjuration/Ice              2
   c - Ozocubu's Armour               Charms/Ice                   3
   d - Throw Icicle                   Conjuration/Ice              4
   e - Summon Ice Beast               Ice/Summoning                4
 y - a book of Cantrips

   Spells                             Type                      Level
   a - Confusing Touch                Hexes                        1
   b - Animate Skeleton               Necromancy                   1
   c - Summon Small Mammal            Summoning                    1
   d - Apportation                    Translocation                1
Comestibles
 c - 14 rations
 o - 4 chunks of flesh


   Skills:
 - Level 1.0 Fighting
 + Level 6.0 Dodging
 * Level 9.4 Unarmed Combat
 - Level 2.0 Spellcasting
 * Level 9.1 Transmutations


You had 3 spell levels left.
You knew the following spells:

 Your Spells              Type           Power        Failure   Level  Hunger
a - Beastly Appendage     Tmut           ####..       1%          1    #......
b - Sticks to Snakes      Tmut           ####....     1%          2    ###....
c - Ice Form              Ice/Tmut       ###.....     30%         4    #####..
d - Spider Form           Tmut/Pois      ###.......   10%         3    ###....


Dungeon Overview and Level Annotations

Branches:
Dungeon (9/15)             Temple (1/1) D:7
   Lair: D:8-11         Orc: D:9-12

Altars:
Ashenzari
Dithmenos
Elyvilon
Fedhas
Gozag
Hepliaklqana
Kikubaaqudgha
Makhleb
Nemelex Xobeh
Okawaru
Qazlal
Ru
Uskayaw
Wu Jian
Xom
Yredelemnul
The Shining One
Beogh

Shops:
D:6 *   D:7 ?

Annotations:
D:6 Blork the orc
D:9 Erolcha


Innate Abilities, Weirdness & Mutations

You cannot wear most types of armour.
You are very stealthy in the water. (Stealth+)
You are amphibious.
You can wear up to eight rings at the same time.
You can use your tentacles to constrict eight enemies at once.
Your skin changes colour to match your surroundings (Stealth+).
Your rubbery body absorbs attacks. (AC +1, EV +1)


Message History

Your adder is poisoned.
The killer bee poisons your adder!
The killer bee barely misses your adder.
The killer bee stings your adder.
Your adder misses the killer bee. The killer bee stings your adder.
Your adder bites the killer bee.
Your water moccasin barely misses the killer bee.
Your ball python misses the killer bee. x2
The killer bee stings your ball python.
Your ball python dies!
Casting: Sticks to Snakes
Confirm with . or Enter, or press ? or * to list all spells.
You create 2 snakes!
You now have 108 arrows.
You feel less wooden.
Your adder dies!
The killer bee stings your ball python!
Your ball python dies!
The killer bee stings your ball python.
Your water moccasin completely misses the killer bee.
The killer bee stings you.
You die...

#.##......##.....##
#.## ###
#.#####.###8.....8#
#.# # #.#####.#
#.....# ..# ######
#.......# #8...8#
#####o.o..
######### ##.....##
#..).#### #8..y..8#
#o#####


##SySSS## #.....# #8.yS8# #####.# ###@### #.# ##### #.# ##.## #.# #.# #o# #.#
#.# #.# #o# #.# #.# #.# #o# ############.# You could see 3 killer bees, 2
friendly water moccasins, 2 friendly adders and a friendly ball python.

Vanquished Creatures
  Pikel (D:6)
  Prince Ribbit (D:6)
  Duvessa (D:6)
  A sky beast (D:5)
  A black bear (D:8)
  An ice beast (D:5)
  A phantom (D:5)
  3 centaurs
  3 big kobolds
  A bullfrog (D:9)
  6 scorpions
  Dowan (D:6)
  A killer bee (D:8)
  A howler monkey (D:4)
  A crimson imp (D:8)
  2 hounds (D:4)
  5 orc priests
  2 jellies
  4 orc wizards
  2 bullfrog skeletons
  Jessica (D:2)
  3 iguanas
  4 worker ants
  A worker ant zombie (D:8)
  A howler monkey skeleton (D:5)
  4 adders
  A gnoll (D:4)
  2 shadow imps
  3 oozes
  2 adder skeletons (D:7)
  4 worms
  A dart slug (D:1)
  5 leopard geckos
  25 orcs
  4 ball pythons
  3 giant cockroaches
  7 goblins
  7 hobgoblins
  2 jackals (D:4)
  24 kobolds
  2 quokkas
  6 bats
  A frilled lizard (D:3)
  A jackal skeleton (D:5)
  8 rats
  A butterfly (D:2)
162 creatures vanquished.

Vanquished Creatures (collateral kills)
  An ice beast (D:7)
  2 black bears
  2 ogres
  2 killer bees (D:8)
  A centaur zombie (D:6)
  A worker ant (D:4)
  2 gnolls (D:4)
  6 orcs
  A kobold (D:8)
18 creatures vanquished.

Vanquished Creatures (others)
  An orc warrior (D:6)
  3 slaves (D:6)
  An orc wizard (D:6)
  A worker ant (D:6)
  A howler monkey zombie (D:6)
  4 orcs (D:6)
11 creatures vanquished.

Grand Total: 191 creatures vanquished

Notes
Turn   | Place    | Note
-------+----------+-------------------------------------------
     0 | D:1      | KleinerIrrer the Octopode Transmuter began the quest for the Orb.
     0 | D:1      | Reached XP level 1. HP: 13/13 MP: 3/3
   164 | D:1      | Reached XP level 2. HP: 13/18 MP: 5/5
   548 | D:1      | Reached XP level 3. HP: 16/23 MP: 6/6
  1133 | D:2      | Noticed Jessica
  1141 | D:2      | Killed Jessica
  1264 | D:1      | Reached XP level 4. HP: 26/28 MP: 7/7
  1400 | D:2      | Found a glowing golden altar of the Shining One.
  1761 | D:2      | Found a shimmering altar of Xom.
  2467 | D:3      | Found a hide-covered altar of Uskayaw.
  2471 | D:3      | Reached XP level 5. HP: 30/33 MP: 8/8
  2760 | D:3      | Found a blossoming altar of Fedhas.
  2833 | D:3      | Learned a level 2 spell: Sticks to Snakes
  2838 | D:3      | Learned a level 4 spell: Ice Form
  3181 | D:4      | Reached skill level 5 in Unarmed Combat
  3923 | D:4      | Reached XP level 6. HP: 34/38 MP: 7/9
  4329 | D:4      | Found a shadowy altar of Dithmenos.
  4329 | D:4      | Found a burning altar of Makhleb.
  4377 | D:4      | Found a stormy altar of Qazlal.
  4548 | D:4      | Got a jewelled spear {protect}
  4549 | D:4      | Identified the +2 spear of Fuowkoix {protect, Dex+2} (You took it off a gnoll on level 4 of the Dungeon)
  4843 | D:4      | Found a roughly hewn altar of Beogh.
  4851 | D:4      | Reached XP level 7. HP: 41/43 MP: 10/10
  4913 | D:4      | Found a sparkling altar of Nemelex Xobeh.
  5249 | D:5      | Entered Level 5 of the Dungeon
  5897 | D:5      | Reached skill level 5 in Transmutations
  5897 | D:5      | Reached XP level 8. HP: 36/48 MP: 8/11
  6297 | D:5      | Found a hazy altar of Hepliaklqana.
  7124 | D:6      | Noticed Blork the orc
  7523 | D:6      | Noticed Pikel
  7535 | D:6      | Killed Pikel
  7535 | D:6      | Reached XP level 9. HP: 13/53 MP: 12/12
  7782 | D:6      | Noticed Prince Ribbit
  7787 | D:6      | Noticed Dowan
  7788 | D:6      | Noticed Duvessa
  7900 | D:6      | Reached skill level 5 in Dodging
  8196 | D:6      | Killed Dowan
  8200 | D:6      | Killed Prince Ribbit
  8215 | D:6      | Killed Duvessa
  8791 | D:6      | Found Wuicziw's Assorted Antiques.
  8819 | D:6      | Bought a shiny cabochon ring for 125 gold pieces
  8819 | D:6      | Bought a glowing blue potion for 22 gold pieces
  8819 | D:6      | Bought a scroll of fear for 87 gold pieces
  8819 | D:6      | Bought a fuming golden potion for 22 gold pieces
  8819 | D:6      | Bought a scroll labeled XOL EMOOWIUD for 25 gold pieces
  8870 | D:6      | Learned a level 3 spell: Spider Form
  9014 | D:7      | Found a staircase to the Ecumenical Temple.
  9025 | Temple   | Entered the Ecumenical Temple
  9111 | Temple   | Became a worshipper of the Wu Jian Council
  9987 | D:7      | Found an opulent altar of Gozag.
 10114 | D:7      | Found Michaiwk's Magic Scroll Shop.
 10120 | D:7      | Bought a scroll of identify for 24 gold pieces
 10120 | D:7      | Bought a scroll of identify for 24 gold pieces
 10369 | D:8      | HP: 1/53 [orc warrior/glaive (15)]
 10917 | D:8      | Reached * piety under Wu Jian
 11628 | D:8      | Found a shadowy altar of Dithmenos.
 12261 | D:8      | Reached XP level 10. HP: 54/58 MP: 9/13
 12270 | D:8      | Found a basalt altar of Yredelemnul.
 12585 | D:9      | Noticed Erolcha
 12635 | D:8      | Slain by a killer bee

Skill      XL: |  1  2  3  4  5  6  7  8  9 |
---------------+----------------------------+-----
Unarmed Combat | 4 5 6 7 8 9 |  9.4
Transmutations | 3 5 7 9 |  9.1
Dodging        | 3 4 6 |  6.0
Fighting       | |  1.0
Spellcasting   | |  2.0

Action                   |  1- 3 |  4- 6 |  7- 9 | 10-12 || total
-------------------------+-------+-------+-------+-------++-------
Melee: Unarmed           |    51 |   130 |   135 |    16 ||   332
       Constrict         |    12 |    39 |    59 |     4 ||   114
       Tentacles         |     8 |    27 |    65 |       ||   100
       Punch             |     1 |     8 |    15 |       ||    24
       Kick              |       |     3 |    29 |     2 ||    34
       Spear             |       |     5 |   237 |       ||   242
 Cast: Sticks to Snakes  |       |    12 |    35 |     6 ||    53
       Beastly Appendage |       |     6 |    11 |     1 ||    18
       Spider Form       |       |       |     1 |       ||     1
Invok: Lunge             |       |       |    15 |     2 ||    17
       Whirlwind         |       |       |     6 |     5 ||    11
  Use: Scroll            |     3 |     3 |    10 |     2 ||    18
       Potion            |       |     1 |     7 |     3 ||    11
 Stab: Sleeping          |     4 |     4 |     5 |       ||    13
       Distracted        |       |       |     1 |       ||     1
  Eat: Chunk             |       |    13 |    11 |       ||    24
       Ration            |       |       |     5 |       ||     5
Armor: Skin              |     5 |     7 |    52 |     7 ||    71
Dodge: Dodged            |    35 |    76 |   315 |    55 ||   481
